 Dungeon Crawl Stone Soup version 0.26.1-11-gd32895ea62 (webtiles) character file.

Game seed: 10527287726371233725

32 Descartes the Grave Robber (level 3, -1/19 HPs)
             Began as a Deep Elf Wanderer on Apr 17, 2021.
             Slain by a worm (10 damage)
             ... on level 2 of the Dungeon.
             The game lasted 00:02:24 (2021 turns).

Descartes the Grave Robber (Deep Elf Wanderer)      Turns: 2021, Time: 00:02:24

Health: -1/19      AC:  2    Str: 10    XL:     3   Next: 10%
Magic:  8/8        EV: 12    Int: 18    God:
Gold:   56         SH:  0    Dex: 12    Spells: 4/6 levels left

rFire    + . .     SeeInvis .   h - +1 dagger (venom)
rCold    . . .     Faith    .   (no shield)
rNeg     . . .     Spirit   .   d - +0 robe
rPois    .         Reflect  .   (no helmet)
rElec    .         Harm     .   (no cloak)
rCorr    .         Rampage  .   (no gloves)
Will     .....                  (no boots)
Stlth    ++........             (no amulet)
HPRegen  0.06/turn              e - ring of protection from fire
MPRegen  0.11/turn              (no ring)

@: no status effects
A: no striking features
a: no special abilities


You were on level 2 of the Dungeon.
You visited 1 branch of the dungeon, and saw 2 of its levels.

You collected 56 gold pieces.

Inventory:

Hand Weapons
 a - a +0 falchion
 h - a +1 dagger of venom (weapon)
Armour
 d - a +0 robe (worn)
Jewellery
 e - a ring of protection from fire (left hand)
Scrolls
 f - a scroll of noise {unknown}
 i - 3 scrolls of teleportation {unknown}
 k - a scroll of magic mapping {unknown}
Potions
 b - 2 potions of heal wounds {unknown}
 c - a potion of lignification {unknown}
 g - a potion of degeneration {unknown}
 j - a potion of haste {unknown}
 l - a potion of attraction {unknown}


   Skills:
 - Level 1.7 Long Blades
 + Level 1.7 Dodging
 + Level 2.0 Stealth
 + Level 2.0 Spellcasting
 + Level 4.0 Necromancy
 + Level 1.7 Fire Magic
 + Level 1.5 Evocations


You had 4 spell levels left.
You knew the following spells:

 Your Spells              Type           Power        Failure   Level
a - Foxfire               Conj/Fire      20%          13%         1
b - Pain                  Necr           64%          3%          1

Your spell library contained the following spells:

 Spells                   Type           Power        Failure   Level
 Vampiric Draining        Necr           8%           11%         3
 Conjure Flame            Conj/Fire      5%           36%         3
 Inner Flame              Hex/Fire       5%           36%         3
 Sticky Flame             Conj/Fire      5%           77%         4
 Fireball                 Conj/Fire      2%           98%         5


Dungeon Overview and Level Annotations

Branches:
Dungeon (2/15)

Altars:
Qazlal


Message History

l - a sedimented grey potion
b - 2 inky potions (gained 1)
A worm comes into view.
Found 16 stones.
A worm is nearby!
A goblin comes into view. It is wielding a +0 club.
The goblin shouts!
The goblin moves out of view.
The worm bites you.
A kobold comes into view. It is wielding a +0 club.
You barely miss the worm. The worm misses you.
The kobold shouts!
You hit the worm.
The worm is poisoned.
The worm is lightly wounded.
The goblin hits you with a +0 club.
You hit the worm.
The worm looks as sick as possible!
The worm is moderately wounded.
The goblin hits you with a +0 club. The worm bites you!
Ouch! That really hurt!
You die...

#..........#
#.##########
#.# #.# #.#
#.#
.######.#
..K.....#
......g@#
.....(w....#
.......###.#
....... #
.......
.......
...###. ##.
#.


You could see a worm (extremely poisoned), a goblin and a kobold.

Vanquished Creatures
  2 dart slugs (D:1)
  A leopard gecko (D:1)
  4 giant cockroaches
  3 hobgoblins
  3 jackals (D:1)
  4 bats (D:1)
  A frilled lizard (D:1)
  5 goblins (D:1)
  2 kobolds (D:1)
25 creatures vanquished.

Vanquished Creatures (others)
  6 foxfires
6 creatures vanquished.

Grand Total: 31 creatures vanquished

Notes
Turn   | Place    | Note
-------+----------+-------------------------------------------
     0 | D:1      | Descartes the Deep Elf Wanderer began the quest for the
                  | Orb.
     0 | D:1      | Descartes set off with the following items: a +0 falchion,
                  | a +0 robe; and the following spells available to memorise:
                  | Pain, Vampiric Draining, Foxfire, Conjure Flame, Inner
                  | Flame, Sticky Flame, Fireball
     0 | D:1      | Reached XP level 1. HP: 10/10 MP: 5/5
     2 | D:1      | Learned a level 1 spell: Foxfire
     4 | D:1      | Learned a level 1 spell: Pain
   392 | D:1      | You fall into a shaft and drop 1 floor!
   574 | D:1      | Reached XP level 2. HP: 15/15 MP: 6/6
  1578 | D:1      | Reached skill level 4 in Necromancy
  1578 | D:1      | Reached XP level 3. HP: 14/19 MP: 8/8
  1970 | D:2      | Found a stormy altar of Qazlal.
  2021 | D:2      | Slain by a worm

Illustrated notes

Levels and vault maps discovered:
D:1:      elethiomel_arrival_fortress_basement, layout_basic
D:2:      wad_crossroads, layout_basic, nicolae_overflow_hidden_temple,
          uniq_terence

Skill      XL: |  1  2 |
---------------+-------+-----
Spellcasting   | 2 |  2.0
Stealth        | 2 |  2.0
Necromancy     | 4 |  4.0
Long Blades    | |  1.7
Dodging        | |  1.7
Fire Magic     | |  1.7
Evocations     | |  1.5

Action                   || total
-------------------------++-------
Melee: Falchion          ||    17
       Dagger            ||    71
 Cast: Foxfire           ||     5
 Stab: Sleeping          ||     3
Armor: Robe              ||    13
Dodge: Dodged            ||    45
       Rpst.: Falchion   ||     5
